 Dungeon Crawl Stone Soup version 0.17.1-1-g73c8601 (webtiles) character file.

1369 shmeve the Ducker (level 8, -3/57 HPs)
             Began as an Octopode Berserker on Apr 18, 2016.
             Was a Priest of Trog.
             Slain by an ice beast (4 damage)
             ... on level 5 of the Dungeon.
             The game lasted 00:08:59 (5359 turns).

shmeve the Ducker (Octopode Berserker)              Turns: 5359, Time: 00:08:59

Health: -3/57      AC:  1    Str: 18    XL:     8   Next: 65%
Magic:  8/8        EV: 14    Int: 10    God:    Trog [***...]
Gold:   118        SH:  0    Dex: 11    Spells: 0 memorised, 7 levels left

rFire  + . .     SeeInvis .     a - +0 hand axe
rCold  . . .     Clarity  .     (no shield)
rNeg   . . .     SustAt   .     (helmet restricted)
rPois  .         Gourm    .     (no amulet)
rElec  .         Spirit   .     k - ring of protection from fire
rCorr  .         Warding  .     (no ring)
rMut   .         Stasis   .     (no ring)
MR     .....                    (no ring)
Stlth  ++++......               (no ring)
                                (no ring)
                                (no ring)
                                (no ring)

@: not resistant to hostile enchantments, stealthy
A: almost no armour, amphibious, 8 rings, constrict 8, camouflage 1, gelatinous
body 1
a: Berserk, Trog's Hand, Burn Spellbooks, Renounce Religion


You were on level 5 of the Dungeon.
You worshipped Trog.
Trog was most pleased with you.
You were hungry.

You visited 1 branch of the dungeon, and saw 5 of its levels.

You collected 118 gold pieces.

Inventory:

Hand Weapons
 a - a +0 hand axe (weapon)
Missiles
 f - 31 poisoned needles
Jewellery
 k - a ring of protection from fire (left tentacle)
Wands
 g - a wand of random effects (22)
Scrolls
 c - 2 scrolls of magic mapping {unknown}
 d - 3 scrolls of identify
 e - a scroll of recharging {unknown}
 h - 4 scrolls of remove curse
 l - 3 scrolls of teleportation {unknown}
 m - a scroll of enchant armour {unknown}
 q - a scroll of enchant weapon {unknown}
 r - 2 scrolls of blinking {unknown}
 s - a scroll of fear {unknown}
 t - a scroll of amnesia {unknown}
Potions
 i - 3 potions of heal wounds {unknown}
 j - a potion of degeneration {unknown}
 n - a potion of haste {unknown}
 p - a potion of cancellation {unknown}
Comestibles
 b - 2 bread rations


   Skills:
 * Level 5.8 Fighting
 * Level 6.0 Axes
 + Level 3.2 Throwing
 * Level 6.1 Dodging
 + Level 4.6 Stealth


You had 7 spell levels left.
You didn't know any spells.

Dungeon Overview and Level Annotations

Branches:
Dungeon (5/15)             Temple (0/1) D:5

Altars:
Ashenzari
Qazlal
Ru
Sif Muna
Xom


Innate Abilities, Weirdness & Mutations

You cannot wear most types of armour.
You are amphibious.
You can wear up to eight rings at the same time.
You can use your tentacles to constrict eight enemies at once.
Your skin changes colour to match your surroundings (Stealth).
Your rubbery body absorbs attacks (AC +1).


Message History

The ice beast hits you.
* * * LOW HITPOINT WARNING * * *
The ice beast freezes you.
* * * LOW HITPOINT WARNING * * *
You hit the ice beast.
The ice beast is moderately wounded.
The ice beast hits you but does no damage.
You closely miss the ice beast.
The ice beast is moderately wounded.
The ice beast hits you.
* * * LOW HITPOINT WARNING * * *
The ice beast freezes you!
* * * LOW HITPOINT WARNING * * *
You hit the ice beast. Your squeeze misses the ice beast.
The ice beast is moderately wounded.
The ice beast barely misses you.
You hit the ice beast. Your squeeze misses the ice beast.
The ice beast is heavily wounded.
The ice beast hits you.
You die...

##### ###
#...#...# #.⌠.
.⌠.# #... ...#
## ##.###.##
#...#Y..#...#
#.>...@...⌠.#
#...#...#...# ##
##.###.##
#...#...#
#.⌠.#.⌠.#
#...#...#
######.## #..#
..###########.##


You could see an ice beast.

Vanquished Creatures
  The ghost of shmeve the Shield-Bearer, a novice FoFi (D:5)
  Edmund (D:4)
  3 ogres
  2 phantoms
  A scorpion (D:5)
  A crimson imp (D:3)
  A giant frog skeleton (D:4)
  A gnoll shaman (D:4)
  3 worker ants (D:4)
  A hound zombie (D:5)
  A hound skeleton (D:5)
  8 adders
  2 adder skeletons (D:4)
  3 giant geckos
  5 orcs
  4 giant cockroaches
  10 goblins
  4 hobgoblins
  14 jackals
  2 quokkas (D:4)
  A ball python (D:4)
  6 bats
  3 giant newts
  8 kobolds
  6 rats
92 creatures vanquished.

Notes
Turn   | Place    | Note
--------------------------------------------------------------
     0 | D:1      | shmeve the Octopode Berserker began the quest for the Orb.
     0 | D:1      | Reached XP level 1. HP: 16/16 MP: 1/1
   130 | D:1      | Reached XP level 2. HP: 9/21 MP: 2/2
   138 | D:1      | Reached skill level 1 in Stealth
   656 | D:1      | Reached XP level 3. HP: 22/26 MP: 3/3
   734 | D:2      | Reached ** piety under Trog
  1305 | D:2      | Found a stormy altar of Qazlal.
  1916 | D:3      | Reached skill level 1 in Throwing
  1916 | D:3      | Reached XP level 4. HP: 27/31 MP: 4/4
  2966 | D:3      | Found a shimmering altar of Xom.
  3003 | D:3      | Reached skill level 4 in Dodging
  3003 | D:3      | Reached XP level 5. HP: 34/37 MP: 5/5
  3109 | D:3      | Reached *** piety under Trog
  3538 | D:4      | Noticed Edmund
  3545 | D:4      | Killed Edmund
  3545 | D:4      | Reached XP level 6. HP: 37/43 MP: 6/6
  3669 | D:4      | Noticed a phantom
  3705 | D:4      | Killed a phantom
  3995 | D:4      | Found a deep blue altar of Sif Muna.
  4142 | D:4      | Reached XP level 7. HP: 34/49 MP: 7/7
  4313 | D:4      | Noticed an ogre
  4322 | D:4      | Killed an ogre
  4399 | D:4      | Reached skill level 5 in Dodging
  4495 | D:4      | Found a sacrificial altar of Ru.
  4632 | D:4      | Reached skill level 5 in Axes
  4838 | D:5      | Entered Level 5 of the Dungeon
  4857 | D:5      | Found a shattered altar of Ashenzari.
  4861 | D:5      | Noticed shmeve's ghost (novice FoFi)
  4874 | D:5      | Killed shmeve's ghost
  4874 | D:5      | Reached skill level 5 in Fighting
  4874 | D:5      | Reached XP level 8. HP: 16/56 MP: 8/8
  5207 | D:5      | Got an ancient silver ring
  5208 | D:5      | Identified the cursed ring "Ylamun" {rF+ Int+2 Dex-3} (You found it on level 5 of the Dungeon)
  5254 | D:5      | Reached skill level 6 in Dodging
  5342 | D:5      | Found a staircase to the Ecumenical Temple.
  5357 | D:5      | HP: 1/57 [ice beast (8)]
  5359 | D:5      | Slain by an ice beast

Action                   |  1- 3 |  4- 6 |  7- 9 || total
-------------------------+-------+-------+-------++-------
Melee: Hand axe          |    87 |    80 |    69 ||   236
Invok: Berserk           |       |     3 |     4 ||     7
       Trog's Hand       |       |     1 |       ||     1
  Use: Scroll            |       |       |     2 ||     2
 Stab: Sleeping          |     4 |     7 |     4 ||    15
       Distracted        |       |     1 |       ||     1
  Eat: Chunk             |     3 |     2 |     6 ||    11
       Meat ration       |       |     1 |       ||     1
       Beef jerky        |       |     1 |       ||     1
       Pizza             |       |     1 |     1 ||     2
